 Dungeon Crawl Stone Soup version 0.30-a0-778-g2ef04afb54 (webtiles) character file.

Game seed: 16170852221691281531

362 Angani the Sneak (level 6, -5/51 HPs)
             Began as a Draconian Necromancer on Feb 16, 2023.
             Was a Believer of Trog.
             Slain by an ogre
             ... wielding a +0 giant club
              (29 damage)
             ... on level 4 of the Dungeon.
             The game lasted 00:05:40 (3592 turns).

Angani the Sneak (Draconian Necromancer)            Turns: 3592, Time: 00:05:40

Health: -5/51      AC:  7    Str: 10    XL:     6   Next: 39%
Magic:  9/9        EV: 12    Int: 17    God:    Trog [**....]
Gold:   191        SH:  0    Dex: 12    Spells: 8/9 levels left

rFire   + . .      SeeInvis .    h - +2 flail (venom)
rCold   . . .      Faith    .    (no shield)
rNeg    . . .      Spirit   .    (body armour unavailable)
rPois   +          Reflect  .    (helmet restricted)
rElec   .          Harm     .    (no cloak)
rCorr   .          Rampage  .    m - +0 pair of gloves
Will    .....                    (no boots)
Stlth   +++                      (no amulet)
HPRegen 0.28/turn                p - ring of poison resistance
MPRegen 0.11/turn                f - ring of protection from fire

@: no status effects
A: AC +6, unfitting armour, cold-blooded
a: Renounce Religion, Berserk, Trog's Hand


You were on level 4 of the Dungeon.
You worshipped Trog.
Trog was pleased with you.
You visited 1 branch of the dungeon, and saw 4 of its levels.

You collected 191 gold pieces.

Inventory:

Hand Weapons
 h - a +2 flail of venom (weapon)
Missiles
 b - a throwing net (quivered)
Armour
 m - a +0 pair of gloves (worn)
Jewellery
 c - the ring of Accord {rC+ Int+6 SInv}
   (You acquired it on level 1 of the Dungeon)

   [ring of intelligence]

   Int:       It affects your intelligence (+6).
   rC:        It protects you from cold.
   SInv:      It lets you see invisible.
 f - a ring of protection from fire (right hand)
 p - a ring of poison resistance (left hand)
Scrolls
 j - a scroll of enchant armour
 o - a scroll of vulnerability {unknown}
 r - a scroll of teleportation {unknown}
Potions
 a - a potion of magic
 d - a potion of curing
 e - 2 potions of might
 g - a potion of flight
 i - a potion of haste
 k - a potion of attraction
 l - a potion of invisibility


   Skills:
 + Level 3.1 Fighting
 - Level 1.7 Dodging
 - Level 6.0 Stealth
 - Level 2.0 Spellcasting
 - Level 4.0 Necromancy


You had 8 spell levels left.
You knew the following spells:

 Your Spells              Type           Power      Damage    Failure   Level
a - Necrotise             Necr           60%        1d7       3%          1

Your spell library contained the following spells:

 Spells                   Type           Power      Damage    Failure   Level
 Vampiric Draining        Necr           15%        2d7       11%         3
 Animate Dead             Necr           15%        N/A       36%         4
 Agony                    Necr           15%        N/A       71%         5


Dungeon Overview and Level Annotations

Branches:
Dungeon (4/15)
 Temple: D:4-7

Altars:
Sif Muna
Trog


Innate Abilities, Weirdness & Mutations

Your plain brown scales are hard. (AC +6)
You cannot fit into any form of body armour.
You are cold-blooded and may be slowed by cold attacks.


Message History

The gnoll barely misses you.
You hit the gnoll but do no damage.
The gnoll is poisoned.
Your tail-slap misses the gnoll.
The gnoll is almost dead.
You kill the gnoll!
Trog accepts your kill.
Your Fighting skill increases to level 3!
Things that are here:
a +0 spear; a gnoll corpse You now have 191 gold pieces (gained 5).
You start resting.
HP restored.
You open the door.
There is an open door here.
There is a stone staircase leading down here.
n - 3 scrolls of identify You open the door.
There is an open door here.
You open the door.
There is an open door here.
An ogre comes into view. It is wielding a +0 giant club.
As you read the scroll of identify, it crumbles to dust.
k - a potion of attraction
As you read the scroll of identify, it crumbles to dust.
l - a potion of invisibility
As you read the scroll of identify, it crumbles to dust.
j - a scroll of enchant armour You barely miss the ogre.
The ogre hits you with a +0 giant club!!
Ouch! That really hurt!
You are too injured to fight recklessly!
You are too injured to fight recklessly!
You barely miss the ogre. You tail-slap the ogre.
The ogre is lightly wounded.
The ogre closely misses you.
You thump the ogre!
The ogre is heavily wounded.
The ogre hits you with a +0 giant club!!
Ouch! That really hurt!
You die...

#######...##........
##................
##...............
##.............. #####
#.............. ##...##
##............. #.....##
##.............
....?..###..............
..#.#...##......@O....#
.##.##...##....###......
##.).##...##...## ##...
#.....##...##...# .
......§##...#...#
..._..§≈#§..'...##
.....§.##...#....##..
#.....##...##........
##...##...##.........


You could see an ogre.

Vanquished Creatures
  A sky beast (D:4)
  An orc priest (D:3)
  An iguana (D:4)
  2 orc wizards (D:3)
  Robin (D:2)
  7 gnolls
  2 adders
  A dart slug (D:1)
  2 orcs (D:3)
  6 ball pythons
  3 endoplasms
  2 giant cockroaches
  15 goblins
  8 hobgoblins
  3 kobolds
  2 quokkas (D:1)
  5 bats
  5 frilled lizards
  4 rats
71 creatures vanquished.

Notes
Turn   | Place    | Note
-------+----------+-------------------------------------------
     0 | D:1      | Angani the Draconian Necromancer began the quest for the
                  | Orb.
     0 | D:1      | Reached XP level 1. HP: 14/14 MP: 3/3
    40 | D:1      | Reached skill level 2 in Stealth
   283 | D:1      | Reached XP level 2. HP: 20/20 MP: 0/5
   563 | D:1      | Reached skill level 3 in Stealth
   599 | D:1      | Identified a scroll of acquirement
   599 | D:1      | Acquired the ring of Accord {rC+ Int+6 SInv}
  1330 | D:3      | Reached XP level 3. HP: 18/26 MP: 0/6
  1442 | D:2      | Reached skill level 4 in Stealth
  1506 | D:2      | Noticed a floating eye
  1508 | D:2      | Found a faded altar of an unknown god.
  1509 | D:2      | Noticed a great orb of eyes
  1509 | D:2      | Noticed a shining eye
  1509 | D:2      | Noticed a shining eye
  1516 | D:2      | Reached XP level 4. HP: 33/33 MP: 4/7
  1525 | D:2      | Prayed at the altar of an unknown god.
  1525 | D:2      | Became a worshipper of Trog the Wrathful
  1525 | D:2      | Reached * piety under Trog
  2071 | D:2      | Noticed Robin
  2088 | D:2      | HP: 1/33 [goblin/+0 club[Robin] (4)]
  2110 | D:2      | Killed Robin
  2427 | D:2      | Reached skill level 5 in Stealth
  2519 | D:2      | Reached XP level 5. HP: 12/38 MP: 8/8
  2846 | D:3      | Reached ** piety under Trog
  2913 | D:3      | Reached skill level 6 in Stealth
  3214 | D:4      | Noticed a sky beast
  3227 | D:4      | Killed a sky beast
  3228 | D:4      | Reached XP level 6. HP: 50/50 MP: 9/9
  3419 | D:4      | Found a shimmering blue altar of Sif Muna.
  3592 | D:4      | Slain by an ogre

Illustrated notes

Levels and vault maps discovered:
D:1:      lemuel_arrival_room, layout_loops_corners, chequers_garden
D:2:      layout_basic, hellmonk_ecumenical_altar_watching_god,
          kennysheep_cross_room, uniq_robin
D:3:      layout_rooms, kennysheep_generic_room_7
D:4:      kennysheep_goblin_castle, layout_layer_cave, serial_shops,
          nicolae_shop_stone, kennysheep_another_room, kennysheep_diamond,
          chequers_serial_rivers_room_b

Skill      XL: |  1  2  3  4  5  6 |
---------------+-------------------+-----
Stealth        | 2 3 4 5 6 |  6.0
Fighting       | 2 3 |  3.1
Dodging        | |  1.7
Spellcasting   | |  2.0
Necromancy     | |  4.0

Action                     |  1- 3 |  4- 6 || total
---------------------------+-------+-------++-------
  Melee: Unarmed           |    24 |     1 ||    25
         Tailslap          |     5 |    13 ||    18
         Flail             |       |   104 ||   104
         Punch             |       |     2 ||     2
   Cast: Necrotise         |    53 |     3 ||    56
 Invoke: Berserk           |       |     2 ||     2
    Use: Potion            |     5 |     7 ||    12
         Scroll            |     4 |     5 ||     9
   Stab: Sleeping          |       |     4 ||     4
 Armour: Skin              |    15 |    51 ||    66
  Dodge: Dodged            |    30 |   127 ||   157

Table legend: (Time is in decaauts)
 A = Elapsed time spent in this place.
 B = Non-inter-level travel time spent in this place.
 C = Inter-level travel time spent in this place.
 D = Time resting spent in this place.
 E = Time spent auto-exploring this place.
 F = Levels seen in this place.
 G = Mean time per level.
                   A        B        C        D        E       F      G
               +--------+--------+--------+--------+--------+-----+--------+
         Total |   3635 |   3594 |     41 |    581 |   2448 |   4 |  908.8 |
       Dungeon |   3635 |   3594 |     41 |    581 |   2448 |   4 |  908.8 |
               +--------+--------+--------+--------+--------+-----+--------+

Top non-repeatable levels by time:
     D:2: 1458 daAuts
     D:1: 1111 daAuts
     D:3: 673 daAuts
     D:4: 391 daAuts
